 Dungeon Crawl Stone Soup version 0.28.0-1-gb440e238dd (webtiles) character file.

Game seed: 2827989746434668396

38 Anathary the Skirmisher (level 3, 0/29 HPs)
             Began as a Demonspawn Berserker on Feb 20, 2022.
             Was a Believer of Trog.
             Frozen to death by an endoplasm (2 damage)
             ... on level 2 of the Dungeon.
             The game lasted 00:04:50 (2073 turns).

Anathary the Skirmisher (Demonspawn Berserker)      Turns: 2073, Time: 00:04:51

Health: 0/29       AC:  3    Str: 19    XL:     3   Next: 25%
Magic:  3/3        EV: 12    Int:  8    God:    Trog [**....]
Gold:   86         SH:  6    Dex: 12    Spells: 2/2 levels left

rFire   . . .      SeeInvis .   a - +0 falchion
rCold   . . .      Faith    .   (no shield)
rNeg    . . .      Spirit   .   g - +0 leather armour
rPois   .          Reflect  .   (no helmet)
rElec   .          Harm     .   (no cloak)
rCorr   .          Rampage  .   (no gloves)
Will    .....                   (no boots)
Stlth   +.........              (no amulet)
HPRegen 0.09/turn               (no ring)
MPRegen 0.08/turn               (no ring)

@: no status effects
A: large bone plates 2
a: Renounce Religion, Berserk, Trog's Hand


You were on level 2 of the Dungeon.
You worshipped Trog.
Trog was pleased with you.
You visited 1 branch of the dungeon, and saw 2 of its levels.

You collected 86 gold pieces.

Inventory:

Hand Weapons
 a - a +0 falchion (weapon)
Armour
 g - a +0 leather armour (worn)
Scrolls
 c - a scroll of teleportation {unknown}
Potions
 b - a potion of heal wounds {unknown}
 d - a potion of haste {unknown}
 e - a potion of attraction {unknown}
 f - a potion of curing {unknown}


   Skills:
 + Level 3.4 Fighting
 + Level 3.3 Long Blades
 + Level 1.9 Armour
 + Level 2.1 Dodging


You had 2 spell levels left.
You didn't know any spells.
Your spell library was empty.

Dungeon Overview and Level Annotations

Branches:
Dungeon (2/15)

Altars:

Shops:
D:1 ?


Innate Abilities, Weirdness & Mutations

You are mostly covered in large bone plates. (SH +6)


Message History

The endoplasm freezes you.
You are frozen.
You closely miss the ball python. The ball python barely misses you.
The ball python constricts you. The endoplasm freezes you.
You are frozen.
You barely miss the ball python.
The ball python bites you but does no damage.
The ball python constricts you. The endoplasm freezes you.
You are frozen.
The endoplasm hits you but does no damage.
You hit the ball python but do no damage.
The ball python bites you. The ball python constricts you.
You block the endoplasm's attack. x2
The ball python bites you but does no damage.
The ball python constricts you.
You slash the ball python!
You kill the ball python!
Trog accepts your kill. The endoplasm freezes you.
You are frozen.
* * * LOW HITPOINT WARNING * * *
The endoplasm freezes you.
You are frozen.
* * * LOW HITPOINT WARNING * * *
You completely miss the endoplasm. The endoplasm freezes you.
You are frozen.
* * * LOW HITPOINT WARNING * * *
The endoplasm misses you.
You hit the endoplasm.
The endoplasm is heavily wounded.
The endoplasm hits you but does no damage.
The endoplasm misses you. x2; The endoplasm barely misses you.
You hit the endoplasm but do no damage.
The endoplasm is heavily wounded.
The endoplasm freezes you.
You are frozen.
You die...

#..#####.#
#... #..#
#.# #.##
#..# #. # #
#..# ##
##.# #. #.#
##.#.
#####.###
.....
#....!.J#.#
......
#.###.@†..#
####..
#.#J#.....
###
#.......##
# #.#$#.###
# #.....#
#..#. . ##.
.# # # ##


You could see 2 endoplasms.

Vanquished Creatures
  A worm (D:2)
  A dart slug (D:1)
  A bat (D:1)
  5 endoplasms
  A giant cockroach (D:1)
  4 goblins
  2 hobgoblins
  3 jackals (D:1)
  A quokka (D:1)
  4 ball pythons
  A frilled lizard (D:1)
  3 kobolds (D:1)
  4 rats (D:1)
31 creatures vanquished.

Notes
Turn   | Place    | Note
-------+----------+-------------------------------------------
     0 | D:1      | Anathary the Demonspawn Berserker began the quest for the
                  | Orb.
     0 | D:1      | Reached XP level 1. HP: 18/18 MP: 1/1
   392 | D:1      | Gained mutation: You are partially covered in large bone
                  | plates. (SH +4) [demonic ancestry]
   392 | D:1      | Reached XP level 2. HP: 20/24 MP: 2/2
   987 | D:1      | Found a faded altar of an unknown god.
  1011 | D:1      | You fall into a shaft and drop 1 floor!
  1305 | D:1      | Gained mutation: You are mostly covered in large bone
                  | plates. (SH +6) [demonic ancestry]
  1305 | D:1      | Reached XP level 3. HP: 8/29 MP: 3/3
  1574 | D:1      | Reached ** piety under Trog
  1668 | D:1      | Found Zico Nudd's Magic Scroll Boutique.
  2071 | D:2      | HP: 1/29 [frozen (2)]
  2073 | D:2      | Frozen to death by an endoplasm

Illustrated notes

Levels and vault maps discovered:
D:1:      elethiomel_arrival_quiet, layout_loops_corners, serial_forest,
          infiniplex_forest_clump_small, infiniplex_forest_pool,
          infiniplex_forest_straight_2, infiniplex_forest_zigzag_2,
          infiniplex_forest_clump_medium, serial_shops, shop_fountains,
          hellmonk_ecumenical_altar_pennies_from_heaven
D:2:      layout_loops_ring

Skill      XL: |  1  2 |
---------------+-------+-----
Dodging        | 2 |  2.1
Long Blades    | 3 |  3.3
Fighting       | |  3.4
Armour         | |  1.9

Action                   || total
-------------------------++-------
Melee: Falchion          ||   100
Armor: Animal skin       ||    13
       Leather armour    ||     7
Dodge: Dodged            ||    59
Block: Other             ||    15
